 Dungeon Crawl Stone Soup version 0.27.1-34-g3ba077fa99 (webtiles) character file.

Game seed: 16153520329034477187

1442 Erisea the Basher (level 8, -9/70 HPs)
             Began as a Minotaur Berserker on Jan 26, 2022.
             Was a Priest of Trog.
             Mangled by an orc warrior (14 damage)
             ... on level 6 of the Dungeon on Feb 17, 2022.
             The game lasted 00:55:20 (5850 turns).

Erisea the Basher (Minotaur Berserker)              Turns: 5850, Time: 00:55:21

Health: -9/70      AC: 11    Str: 24    XL:     8   Next: 46%
Magic:  7/7        EV: 11    Int:  4    God:    Trog [***...]
Gold:   175        SH:  5    Dex: 10    Spells: 7/7 levels left

rFire    . . .     SeeInvis .   d - +0 flail
rCold    . . .     Faith    .   (no shield)
rNeg     . . .     Spirit   .   K - +0 scale mail
rPois    +         Reflect  +   (helmet restricted)
rElec    .         Harm     .   (no cloak)
rCorr    .         Rampage  .   (no gloves)
Will     .....                  (no boots)
Stlth    ..........             c - amulet of reflection
HPRegen  0.21/turn              y - +4 ring of protection
MPRegen  0.10/turn              G - ring of poison resistance

@: no status effects
A: horns 2, retaliatory headbutt
a: Renounce Religion, Berserk, Trog's Hand


You were on level 6 of the Dungeon.
You worshipped Trog.
Trog was most pleased with you.
You visited 2 branches of the dungeon, and saw 7 of its levels.

You collected 175 gold pieces.

Inventory:

Hand Weapons
 a - a +0 mace
 d - a +0 flail (weapon)
 q - a +0 hand axe
 z - a +0 hunting sling
 F - a +0 halberd
 J - a +0 quarterstaff
 L - a +0 whip
 M - a +0 scythe
 P - a +0 giant club
 V - a +0 trident
 Z - a +0 dagger
Missiles
 g - 29 sling bullets
 h - 6 boomerangs
 j - 33 poisoned darts (quivered)
 k - 126 stones
 w - 73 arrows
 D - 105 bolts
Armour
 b - a +0 animal skin
 n - a +0 robe
 r - a +0 scale mail
 t - a +0 ring mail
 C - a +0 ring mail
 E - a +0 leather armour
 K - a +0 scale mail (worn)
 N - a +0 robe
Jewellery
 c - an amulet of reflection (around neck)
 y - a +4 ring of protection (left hand)
 G - a ring of poison resistance (right hand)
Wands
 u - a wand of polymorph (9)
 v - a wand of digging (4)
 A - a wand of paralysis (5)
Scrolls
 e - a scroll of magic mapping {unknown}
 f - a scroll of fog {unknown}
 i - a scroll of fear {unknown}
 l - 6 scrolls of identify {unknown}
 m - a scroll of teleportation {unknown}
 o - a scroll of vulnerability {unknown}
 I - 2 scrolls of brand weapon {unknown}
Potions
 p - a potion of cancellation {unknown}
 s - a potion of lignification {unknown}
 x - 3 potions of brilliance {unknown}
 Q - 2 potions of curing {unknown}
 U - a potion of might {unknown}
 W - a potion of heal wounds {unknown}
 X - a potion of invisibility {unknown}


   Skills:
 + Level 6.1 Fighting
 + Level 8.9 Maces & Flails
 + Level 0.7 Throwing
 + Level 7.0 Armour
 + Level 3.6 Dodging
 + Level 1.2 Stealth
 + Level 2.2 Shields
 - Level 0.2 Spellcasting


You had 7 spell levels left.
You didn't know any spells.
Your spell library contained the following spells:

 Spells                   Type           Power      Damage    Failure   Level
 Ozocubu's Armour         Ice            0%         N/A       98%         3
 Petrify                  Tmut/Erth      0%         N/A       100%        4
 Metabolic Englaciation   Hex/Ice        0%         N/A       100%        5
 Statue Form              Tmut/Erth      0%         N/A       100%        6
 Ozocubu's Refrigeration  Ice            0%         4d5       100%        7


Dungeon Overview and Level Annotations

Branches:
Dungeon (6/15)             Temple (1/1) D:6

Altars:
Ashenzari
Cheibriados
Dithmenos
Elyvilon
Fedhas
Gozag
Kikubaaqudgha
Makhleb
Nemelex Xobeh
Okawaru
Qazlal
Ru
Sif Muna
Trog
Uskayaw
Vehumet
Wu Jian
Xom
Yredelemnul
Zin
The Shining One

Annotations:
D:5 2 transporters, Koffer's ghost, novice SpEn


Innate Abilities, Weirdness & Mutations

You have a pair of horns on your head.
You reflexively headbutt those who attack you in melee.


Message History

You kill the orc priest!
Trog accepts your kill. The orc warrior barely misses you.
Your Armour skill increases to level 7!
You start resting.
There are monsters nearby!
The orc warrior hits you from afar with a +0 glaive.
* * * LOW HITPOINT WARNING * * *
You block something's attack.
You start resting.
An orc warrior is nearby!
An orc warrior is nearby!
The orc warrior hits you from afar with a +0 glaive.
* * * LOW HITPOINT WARNING * * *
The orc warrior misses you. You furiously retaliate!
You headbutt the orc warrior. You sock the orc warrior!
The orc warrior is moderately wounded.
The orc warrior hits you with a +0 glaive.
* * * LOW HITPOINT WARNING * * *
You closely miss the orc warrior.
The orc warrior is moderately wounded.
The orc warrior hits you but does no damage.
You sock the orc warrior!
The orc warrior is almost dead.
The orc warrior closely misses you.
You barely miss the orc warrior. Your headbutt misses the orc warrior.
The orc warrior is almost dead.
The orc warrior barely misses you.
You hit the orc warrior.
The orc warrior is almost dead.
The orc warrior hits you with a +0 glaive!
* * * LOW HITPOINT WARNING * * *
The orc priest calls upon Beogh to heal the orc warrior.
The orc warrior is healed somewhat.
The orc warrior barely misses you.
The orc wizard mumbles some strange words.
The orc wizard flickers and vanishes!
There is a stone staircase leading up here.
The orc warrior hits you from afar with a +0 glaive!
You die...

........)...##.#.
###...##.#.....#.
###....#..##...
#.##.......##
#.....##.#...
#..##.o..#...
#....o{{..{..
####.#####
#...##.#####)
.......@.# #.####.#
##
######.#.###.####.#
# #.#.o..{.{o..# #
#.############ < #.
. #. . ## ##


You could see an orc warrior.

Vanquished Creatures
  Sigmund (D:2)
  A shadow (D:6)
  A hornet zombie (D:5)
  An ice beast (D:6)
  2 ogres (D:5)
  A phantom (D:5)
  A bullfrog (D:5)
  A scorpion (D:5)
  A water moccasin zombie (D:5)
  A water moccasin skeleton (D:4)
  A bullfrog skeleton (D:5)
  A gnoll shaman (D:5)
  2 orc priests (D:6)
  2 hounds
  An iguana (D:5)
  3 orc wizards
  A howler monkey skeleton (D:4)
  5 adders
  3 gnolls (D:5)
  A white imp (D:5)
  2 adder skeletons (D:4)
  4 worms
  A dart slug (D:4)
  8 orcs
  9 ball pythons
  5 bats
  3 endoplasms
  2 giant cockroaches
  9 goblins
  8 hobgoblins
  13 jackals
  5 kobolds
  4 quokkas
  A frilled lizard (D:3)
  4 rats
109 creatures vanquished.

Vanquished Creatures (others)
  6 plants (D:5)
6 creatures vanquished.

Grand Total: 115 creatures vanquished

Notes
Turn   | Place    | Note
-------+----------+-------------------------------------------
     0 | D:1      | Erisea the Minotaur Berserker began the quest for the Orb.
     0 | D:1      | Reached XP level 1. HP: 19/19 MP: 0/0
   226 | D:1      | Reached skill level 4 in Maces & Flails
   226 | D:1      | Reached XP level 2. HP: 27/27 MP: 1/1
   938 | D:2      | Reached XP level 3. HP: 33/34 MP: 2/2
   967 | D:2      | Reached ** piety under Trog
  1052 | D:2      | You fall into a shaft and drop 1 floor!
  1465 | D:2      | Reached XP level 4. HP: 41/41 MP: 3/3
  1473 | D:2      | Reached skill level 5 in Maces & Flails
  1780 | D:2      | Noticed Sigmund
  1812 | D:2      | Killed Sigmund
  1813 | D:2      | Reached skill level 5 in Fighting
  1813 | D:2      | Reached skill level 6 in Maces & Flails
  1813 | D:2      | Reached XP level 5. HP: 4/48 MP: 4/4
  2212 | D:3      | You fall into a shaft and drop 2 floors!
  2212 | D:5      | Entered Level 5 of the Dungeon
  2212 | D:5      | Noticed an ogre
  2214 | D:5      | Noticed a phantom
  2221 | D:5      | Killed an ogre
  2222 | D:5      | Reached skill level 1 in Shields
  2222 | D:5      | Reached XP level 6. HP: 48/56 MP: 5/5
  2227 | D:5      | Reached skill level 1 in Stealth
  2243 | D:5      | Reached XP level 7. HP: 47/61 MP: 6/6
  2662 | D:3      | Reached skill level 7 in Maces & Flails
  3037 | D:3      | Reached *** piety under Trog
  4011 | D:5      | Reached skill level 5 in Armour
  4180 | D:5      | Reached skill level 8 in Maces & Flails
  4229 | D:5      | Found a transporter.
  4234 | D:5      | Found a transporter.
  4247 | D:5      | Noticed Koffer's ghost (novice SpEn)
  4255 | D:5      | Reached XP level 8. HP: 59/70 MP: 7/7
  4581 | D:5      | Identified the +5 spear of Reapportionment {venom, Drain
                  | rElec Str+5}
  4581 | D:5      | Identified the +0 ring mail of Doaquuk {Harm Dex+3 Slay+3}
  4581 | D:5      | Identified the +0 buckler of Tuni {rElec Str+4}
  5366 | D:6      | Found a staircase to the Ecumenical Temple.
  5430 | Temple   | Entered the Ecumenical Temple
  5838 | D:6      | HP: 2/70 [orc warrior (10)]
  5850 | D:6      | Mangled by an orc warrior

Illustrated notes

Levels and vault maps discovered:
D:1:      ncdulo_wetmaze, layout_loops_ring
D:2:      layout_basic, uniq_sigmund
D:3:      layout_basic
D:4:      layout_loops_corners, minmay_pentomino_pile
D:5:      layout_rooms, gammafunk_ghost_gnarly_gnolls
D:6:      layout_loops_ring, minmay_temple_entry_ruins
Temple:   roderic_octagonal_lattice_temple

Skill      XL: |  1  2  3  4  5  6  7  8 |
---------------+-------------------------+-----
Fighting       | 4 5 6 |  6.1
Maces & Flails | 4 6 8 |  8.9
Armour         | 3 4 5 7 |  7.0
Dodging        | 3 |  3.6
Shields        | 1 2 |  2.2
Stealth        | 1 |  1.2
Throwing       | |  0.7
Spellcasting   | |  0.2

Action                   |  1- 3 |  4- 6 |  7- 9 || total
-------------------------+-------+-------+-------++-------
Melee: Mace              |    82 |    61 |    49 ||   192
       Headbutt          |    10 |    12 |    30 ||    52
       Flail             |       |       |   139 ||   139
Throw: Dart              |       |       |     4 ||     4
Invok: Berserk           |       |     1 |       ||     1
       Trog's Hand       |       |       |     1 ||     1
 Stab: Sleeping          |     1 |       |       ||     1
Armor: Animal skin       |     5 |       |       ||     5
       Ring mail         |     9 |     7 |       ||    16
       Scale mail        |       |    13 |    65 ||    78
Dodge: Dodged            |    52 |    26 |    86 ||   164
Block: Other             |    19 |    13 |    34 ||    66
